 Dungeon Crawl Stone Soup version 0.21-a0-71-g5e5ddd2 (webtiles) character file.

95 HAL9000 the Skirmisher (level 4, -3/49 HPs)
             Began as an Ogre Hunter on June 19, 2017.
             Slain by an orc
             ... wielding a +0 flail
              (7 damage)
             ... on level 3 of the Dungeon.
             The game lasted 00:07:17 (3078 turns).

HAL9000 the Skirmisher (Ogre Hunter)                Turns: 3078, Time: 00:07:18

Health: -3/49      AC:  3    Str: 17    XL:     4   Next: 66%
Magic:  4/4        EV:  7    Int: 12    God:
Gold:   167        SH:  6    Dex:  9    Spells: 3/3 levels left

rFire    + . .     SeeInvis .   l - +0 mace
rCold    . . .     Gourm    .   w - +0 shield
rNeg     . . .     Faith    .   b - +0 robe
rPois    +         Spirit   .   (helmet restricted)
rElec    .         Reflect  .   (no cloak)
rCorr    .         Harm     .   (gloves unavailable)
MR       .....                  (boots unavailable)
Stlth    +.........             (no amulet)
HPRegen  0.16/turn              i - ring of protection from fire
MPRegen  0.09/turn              z - ring of poison resistance

@: no status effects
A: unfitting armour, tough skin 1
a: no special abilities


You were on level 3 of the Dungeon.
You were not hungry.

You visited 1 branch of the dungeon, and saw 3 of its levels.

You collected 167 gold pieces.

Inventory:

Hand Weapons
 l - a +0 mace (weapon)
Missiles
 d - 2 throwing nets (quivered)
Armour
 b - a +0 robe (worn)
 w - a +0 shield (worn)
Jewellery
 i - a ring of protection from fire (left hand)
 z - a ring of poison resistance (right hand)
Scrolls
 h - 3 scrolls of teleportation
 o - a scroll of enchant armour {unknown}
 p - 2 scrolls of enchant weapon {unknown}
 r - 3 scrolls of amnesia {unknown}
 s - 3 scrolls of identify {unknown}
 u - a scroll of magic mapping {unknown}
 x - a scroll of recharging {unknown}
 y - a scroll of remove curse {unknown}
 B - a scroll of fear {unknown}
 C - a scroll of noise {unknown}
Potions
 g - a potion of resistance {unknown}
 m - a potion of heal wounds {unknown}
 t - a potion of haste {unknown}
 v - a potion of flight {unknown}
Comestibles
 f - 2 bread rations
 j - 2 fruits
 k - 4 meat rations


   Skills:
 - Level 4.3 Fighting
 + Level 2.8 Maces & Flails
 - Level 4.0 Throwing
 - Level 1.7 Dodging
 - Level 0.6 Stealth


You had 3 spell levels left.
You didn't know any spells.

Dungeon Overview and Level Annotations

Branches:
Dungeon (3/15)

Altars:
Cheibriados
Dithmenos
Fedhas
Gozag
Makhleb
Ru
The Shining One

Annotations:
D:3 Wendigo's ghost, weakling VSFi


Innate Abilities, Weirdness & Mutations

You are too large for most types of armour.
You have tough skin. (AC +1)


Message History

Press: ? - help, Shift-Dir - straight line, f - orc
Aim: an orc, wielding a falchion and wearing a leather armour You throw a large rock.
The large rock hits the orc.
The orc is almost dead.
You block the orc's attack. The orc barely misses you.
You hit the orc.
You kill the orc!
The orc hits you with a flail.
* * * LOW HITPOINT WARNING * * *
Your shield prevents you from hitting the orc.
The orc hits you with a flail!
* * * LOW HITPOINT WARNING * * *
You barely miss the orc. The orc closely misses you.
Throwing (i - inventory. (,) - cycle):
c - a large rock (quivered)
Press: ? - help, Shift-Dir - straight line, f - orc
Aim: an orc, wielding a flail You throw a large rock.
The large rock completely misses the orc.
The orc hits you with a flail!
You die...

# #.# #.# #.# ### #.# #.#
#.# ..# #.# #.# #.# ..#
#.# #.# #.# ..# #.# #.#
#.# .## #####.# #.# #.#
.# ?....# #.# #.# .#
#..########.###### #.# .#
#((().o@.[......... ..#
.#
.#######.################
### .. .........#
........o# ##########


You could see an orc.

Vanquished Creatures
  An orc wizard (D:3)
  2 adders (D:2)
  A worm (D:2)
  2 dart slugs
  2 leopard geckos (D:2)
  5 orcs (D:3)
  A giant cockroach (D:1)
  6 goblins
  4 hobgoblins
  4 kobolds
  7 bats
  A frilled lizard (D:1)
  5 rats
41 creatures vanquished.

Notes
Turn   | Place    | Note
-------+----------+-------------------------------------------
     0 | D:1      | HAL9000 the Ogre Hunter began the quest for the Orb.
     0 | D:1      | Reached XP level 1. HP: 22/22 MP: 1/1
   436 | D:1      | Reached XP level 2. HP: 21/32 MP: 2/2
  1229 | D:2      | Found a sacrificial altar of Ru.
  1278 | D:2      | Found a snail-covered altar of Cheibriados.
  1294 | D:2      | Reached XP level 3. HP: 18/40 MP: 3/3
  1464 | D:2      | Reached skill level 1 in Maces & Flails
  1958 | D:2      | Found a shadowy altar of Dithmenos.
  2132 | D:2      | Found an opulent altar of Gozag.
  2151 | D:2      | Found a glowing golden altar of the Shining One.
  2405 | D:3      | Noticed Wendigo's ghost (weakling VSFi)
  2794 | D:3      | Found a blossoming altar of Fedhas.
  2802 | D:3      | Reached XP level 4. HP: 46/49 MP: 4/4
  2874 | D:3      | Found a burning altar of Makhleb.
  3078 | D:3      | Slain by an orc

Vault maps used:
D:1:      dpeg_arrival_shelter, minivault_5
D:2:      nicolae_overflow_crystal_walls, kennysheep_slug_shrine,
          tso_metal_star, nicolae_gozag_cash_rules_everything_around_me,
          nicolae_dithmenos_through_a_glass_darkly
D:3:      marbit_many_paths, bloody_makhleb, fedhas_altar_2

Skill      XL: |  1  2  3 |
---------------+----------+-----
Fighting       | 3 4 |  4.3
Maces & Flails | 2 |  2.8
Throwing       | |  4.0
Dodging        | |  1.7
Stealth        | |  0.6

Action                   |  1- 3 |  4- 6 || total
-------------------------+-------+-------++-------
Melee: Short sword       |    14 |       ||    14
       Mace              |   122 |    41 ||   163
Throw: Large rock        |       |     5 ||     5
  Use: Scroll            |       |     1 ||     1
  Eat: Chunk             |     5 |     1 ||     6
       Fruit             |     1 |       ||     1
Armor: Robe              |    47 |    11 ||    58
Dodge: Dodged            |    64 |    16 ||    80
Block: Shield            |    25 |    17 ||    42
